 Dungeon Crawl Stone Soup version 0.28-a0-519-gbfeecf2fc5 (webtiles) character file.

Game seed: 12216588085962469176

16 varam the Sneak (level 2, -6/16 HPs)
             Began as a Spriggan Delver on Sept 23, 2021.
             Was a Follower of Elyvilon.
             Mangled by a hobgoblin (7 damage)
             ... led by Robin
             ... on level 3 of the Dungeon.
             The game lasted 00:02:02 (223 turns).

varam the Sneak (Spriggan Delver)                    Turns: 223, Time: 00:02:03

Health: -6/16      AC:  2    Str:  8    XL:     2   Next: 37%
Magic:  3/3        EV: 17    Int: 11    God:    Elyvilon [*.....]
Gold:   28         SH:  0    Dex: 16    Spells: 1/1 levels left

rFire   . . .      SeeInvis +   e - +2 dagger (speed)
rCold   . . .      Faith    .   (shield restricted)
rNeg    . . .      Spirit   .   b - +0 robe
rPois   .          Reflect  .   (helmet restricted)
rElec   .          Harm     .   (no cloak)
rCorr   .          Rampage  .   (gloves unavailable)
Will    .....                   (boots unavailable)
Stlth   ++++......              (no amulet)
HPRegen 0.05/turn               (no ring)
MPRegen 0.08/turn               (no ring)

@: hasted, very quick
A: very small, no large weapons, unfitting armour, see invisible, speed 3
a: Renounce Religion, Lesser Healing, Divine Protection


You were on level 3 of the Dungeon.
You worshipped Elyvilon.
Elyvilon was aware of your devotion.
You visited 1 branch of the dungeon, and saw 4 of its levels.

You collected 28 gold pieces.

Inventory:

Hand Weapons
 a - a +0 short sword
 e - a +2 dagger of speed (weapon)
   (You took it off a goblin on level 3 of the Dungeon)
Armour
 b - a +0 robe (worn)
Wands
 v - a wand of digging (3)
Scrolls
 d - a scroll of magic mapping
 f - a scroll of identify {unknown}


   Skills:
 - Level 2.5 Fighting
 + Level 2.6 Short Blades
 - Level 3.0 Dodging
 + Level 7.6 Stealth


You had one spell level left.
You didn't know any spells.
Your spell library was empty.

Dungeon Overview and Level Annotations

Branches:
Dungeon (6/15)
 Temple: D:4-7

Altars:
Elyvilon

Annotations:
D:3 Robin


Innate Abilities, Weirdness & Mutations

You are very small and have problems with some larger weapons.
You are too small for most types of armour.
You have supernaturally acute eyesight. (SInv)
You cover ground extremely quickly. (Speed+++)


Message History

Robin says, "Duck!"
The goblin hits you with a +0 dagger.
* * * LOW HITPOINT WARNING * * *
You hit the goblin.
You kill the goblin!
The hobgoblin closely misses you.
There is an open door, spattered with blood here.
Items here: )))))) ††.
You hit the hobgoblin.
The hobgoblin is heavily wounded.
The goblin closely misses you.
Robin roars a battlecry!
The goblin goes into a battle-frenzy!
You hit Robin.
Robin is lightly wounded.
The hobgoblin barely misses you. The goblin closely misses you.
You hit Robin but do no damage.
Robin is lightly wounded.
Robin barely misses you. The hobgoblin completely misses you.
You barely miss Robin.
Robin is lightly wounded.
The goblin hits you with a +0 club.
* * * LOW HITPOINT WARNING * * *
You hit the hobgoblin but do no damage.
The hobgoblin is heavily wounded.
Robin completely misses you. The hobgoblin closely misses you.
You closely miss the goblin. The goblin misses you.
You hit the hobgoblin.
The hobgoblin is severely wounded.
Robin misses you. The hobgoblin hits you.
* * * LOW HITPOINT WARNING * * *
The goblin misses you. The hobgoblin blocks your attack.
The hobgoblin is severely wounded.
Robin closely misses you. The hobgoblin blocks your attack.
The hobgoblin is severely wounded.
The hobgoblin misses you. The goblin closely misses you.
You feel yourself speed up. Robin closely misses you. The hobgoblin hits you!
You die...

#.# #..........# #.# #.#
#####..........# #.. .###.#
#..............# ### ...#.#
#.#########....#
≈≈...######.#.......#....#
≈≈≈....g....#.......#(....
≈≈≈≈.######.#..###g.#....#.
≈≈≈≈........'§§#§#..#....#w#
# ###≈≈.......#§§#@#§.#....#
# # #≈≈...>.gg#§§ggg§.# #
##≈....ggg#.§§§§§.# #
#≈......g######### #
#≈.<....gg # ..)...gg. #
....... # #


You could see Robin, a hobgoblin (strong) and a goblin (strong).

Vanquished Creatures
  9 goblins (D:3)
  2 hobgoblins (D:3)
  A rat (D:3)
12 creatures vanquished.

Notes
Turn   | Place    | Note
-------+----------+-------------------------------------------
     0 | D:5      | varam the Spriggan Delver began the quest for the Orb.
     0 | D:5      | Reached XP level 1. HP: 11/11 MP: 2/2
    14 | D:6      | Noticed a phantom
    14 | D:6      | Noticed a necrophage
    23 | D:5      | Noticed an ogre
    32 | D:5      | Noticed an iguana
    36 | D:5      | Noticed a scorpion
    41 | D:5      | Noticed a hound
    42 | D:5      | Noticed a black bear
   157 | D:3      | Noticed Robin
   161 | D:3      | Found a faded altar of an unknown god.
   164 | D:3      | Became a worshipper of Elyvilon the Healer
   164 | D:3      | Reached * piety under Elyvilon
   184 | D:3      | Reached XP level 2. HP: 6/16 MP: 3/3
   223 | D:3      | Mangled by a hobgoblin

Illustrated notes

Levels and vault maps discovered:
D:3:      layout_basic, hellmonk_ecumenical_altar_inner_sanctum,
          grunt_decor_junction, minmay_misc_feat_four_crosses, minmay_distorted,
          uniq_ijyb, uniq_crazy_yiuf_cottage, uniq_terence, uniq_robin
D:4:      layout_basic
D:5:      layout_rooms, minmay_misc_feat_alley
D:6:      layout_cave_pools, temple_fountains, serial_gnoll_camp,
          gnoll_camp_mini_house, gnoll_camp_mini_doghouse, gnoll_camp_huts_moat,
          gnoll_camp_mini_house, gnoll_camp_mini_basic,
          hangedman_decor_peaks_small, hex_medium

Skill      XL: |  1 |
---------------+----+-----
Dodging        | 3 |  3.0
Fighting       | |  2.5
Short Blades   | |  2.6
Stealth        | |  7.6

Action                   || total
-------------------------++-------
Melee: Short sword       ||    22
       Dagger            ||    26
  Use: Scroll            ||     2
       Potion            ||     1
Armor: Robe              ||     3
Dodge: Dodged            ||    38

Table legend: (Time is in decaauts)
 A = Elapsed time spent in this place.
 B = Non-inter-level travel time spent in this place.
 C = Inter-level travel time spent in this place.
 D = Time resting spent in this place.
 E = Time spent auto-exploring this place.
 F = Levels seen in this place.
 G = Mean time per level.
                   A        B        C        D        E       F      G
               +--------+--------+--------+--------+--------+-----+--------+
         Total |    148 |    148 |      0 |      0 |      0 |   4 |   37.0 |
       Dungeon |    148 |    148 |      0 |      0 |      0 |   4 |   37.0 |
               +--------+--------+--------+--------+--------+-----+--------+

Top non-repeatable levels by time:
     D:3: 104 daAuts
     D:5: 29 daAuts
     D:4: 10 daAuts
     D:6: 2 daAuts
